 Dungeon Crawl Stone Soup version 0.21-a0-15-g606531c (webtiles) character file.

1396 mopl the Covert (level 8, 0/64 HPs)
             Began as a Naga Assassin on May 23, 2017.
             Was a Follower of Hepliaklqana.
             Slain by a wight
             ... wielding a cursed +2 battleaxe of freezing
              (7 damage)
             ... on level 5 of the Dungeon.
             The game lasted 00:11:08 (6936 turns).

mopl the Covert (Naga Assassin)                     Turns: 6936, Time: 00:11:09

Health: 0/64       AC:  8    Str: 14    XL:     8   Next: 68%
Magic:  9/9        EV:  9    Int: 11    God:    Hepliaklqana [*.....]
Gold:   222        SH:  0    Dex: 15    Spells: 7/7 levels left

rFire    . . .     SeeInvis +   a - +2 dagger (holy)
rCold    . . .     Gourm    .   (no shield)
rNeg     . . .     Faith    .   c - +0 robe
rPois    +         Spirit   .   (no helmet)
rElec    .         Reflect  .   d - +0 cloak
rCorr    .         Harm     .   (no gloves)
MR       +....                  (no barding)
Stlth    +++++.....             (no amulet)
Regen    0.2/turn               B - +4 ring of protection
MPRegen  0.2/turn               (no ring)

@: drained, very slow
A: reduced essence, see invisible, deformed body, poison resistance, slowness 2,
slow metabolism 1, spit poison 1, AC +2
a: Spit Poison, Recall Ancestor, Ancestor Identity, Renounce Religion


You were on level 5 of the Dungeon.
You worshipped Hepliaklqana.
Hepliaklqana was aware of your devotion.
You were hungry.

You visited 2 branches of the dungeon, and saw 7 of its levels.

You collected 222 gold pieces.

Inventory:

Hand Weapons
 a - a +2 dagger of holy wrath (weapon)
 b - a +0 blowgun
Missiles
 e - 26 poisoned needles
 f - 2 curare-tipped needles
 y - 7 tomahawks (quivered)
Armour
 c - a +0 robe (worn)
 d - a +0 cloak (worn)
Jewellery
 B - a +4 ring of protection (left hand)
Wands
 w - a wand of confusion (22/48)
 G - a wand of disintegration (14/24)
Scrolls
 i - 2 scrolls of remove curse
 l - 4 scrolls of teleportation
 m - 2 scrolls of magic mapping {unknown}
 p - 2 scrolls of fog {unknown}
 s - a scroll of enchant weapon {unknown}
 u - a scroll of amnesia {unknown}
Potions
 h - 3 potions of haste {unknown}
 j - a potion of mutation {!q}
 k - a potion of resistance
 n - a potion of ambrosia
 r - a potion of degeneration
 v - a potion of agility {unknown}
 z - a potion of invisibility {unknown}
 A - 4 potions of curing {unknown}
 C - a potion of berserk rage {!q}
 D - a potion of heal wounds {unknown}
Comestibles
 g - 3 bread rations
 o - 2 chunks of flesh
 q - 3 meat rations
 t - a royal jelly
 x - 4 fruits


   Skills:
 + Level 3.7(3.0) Fighting
 + Level 4.8(4.1) Short Blades
 + Level 4.4(3.7) Throwing
 - Level 0.7(0.0) Dodging
 * Level 11.9(11.0) Stealth
 + Level 2.5(1.8) Invocations


You had 7 spell levels left.
You didn't know any spells.

Dungeon Overview and Level Annotations

Branches:
Dungeon (6/15)             Temple (1/1) D:5

Altars:
Cheibriados
Dithmenos
Elyvilon
Fedhas
Gozag
Hepliaklqana
Kikubaaqudgha
Makhleb
Nemelex Xobeh
Okawaru
Qazlal
Ru
Sif Muna
Trog
Uskayaw
Vehumet
Wu Jian
Xom
Yredelemnul
Zin
The Shining One

Shops:
D:5 =

Annotations:
D:6 2 transporters, Prince Ribbit


Innate Abilities, Weirdness & Mutations

You cannot wear boots.
Your serpentine skin is tough. (AC +2)
You have supernaturally acute eyesight. (SInv)
Armour fits poorly on your strangely shaped body.
Your system is resistant to poisons. (rPois)
You cover ground very slowly.
You have a slow metabolism.
You can spit poison.
Your life essence is reduced. (-10% HP)


Message History

You hit the ice beast.
The ice beast is almost dead.
The ice beast hits you. The ice beast freezes you!
Zolin hits the ice beast.
The ice beast dies!
Your life force feels restored.
You are feeling hungry.
You closely miss the wight.
The wight hits you with a battleaxe of freezing!
You feel drained. The wight freezes you.
You hit the wight but do no damage. The wight closely misses you.
The wight misses Zolin.
You hit the wight but do no damage.
Zolin hits the wight but does no damage.
You hit the wight but do no damage.
The wight hits you with a battleaxe of freezing!
* * * LOW HITPOINT WARNING * * *
You feel drained.
* * * LOW HITPOINT WARNING * * *
The wight freezes you!
You die...

#.#.#......#..# #..# #
#.#.#..#...#..###..###########
#.#.#......#.......##.......##
#.#.#.....<##.##...##.......##
#R#...........##...##.......##
#........####.##...##.......##
########.# #.###...........##
#.# #z###..####.###### #.#
#@R...[.....# # #.#
#####.......# #
#.############...######
#.##...................
#.##.###########..####. #.##.#
#..# #. #.##.# ##.## #. #.##.#
#..# #. #.##.### #..###.


You could see the friendly Zolin the ancestor and a wight.

Vanquished Creatures
  2 phantoms
  A bullfrog (D:6)
  Blork the orc (D:5)
  2 wights (D:5)
  A centaur zombie (D:3)
  An orc priest (D:3)
  2 hounds
  2 orc wizards (D:5)
  A bullfrog skeleton (D:5)
  An iguana (D:4)
  4 worker ants (D:4)
  3 gnolls (D:4)
  2 howler monkey skeletons
  11 adders
  A shadow imp (D:5)
  4 oozes
  3 worms (D:2)
  2 dart slugs
  6 leopard geckos
  17 orcs
  5 ball pythons
  5 bats
  5 giant cockroaches
  7 goblins
  4 hobgoblins
  14 jackals
  2 quokkas (D:3)
  5 frilled lizards
  5 kobolds
  11 rats
130 creatures vanquished.

Vanquished Creatures (collateral kills)
  An ice beast (D:5)
  A sky beast (D:5)
  An ogre (D:6)
  3 orc priests (D:5)
  5 orcs (D:5)
  2 giant cockroaches (D:6)
13 creatures vanquished.

Vanquished Creatures (others)
  2 ancestors (D:6)
2 creatures vanquished.

Grand Total: 145 creatures vanquished

Notes
Turn   | Place    | Note
-------+----------+-------------------------------------------
     0 | D:1      | mopl the Naga Assassin began the quest for the Orb.
     0 | D:1      | Reached XP level 1. HP: 19/19 MP: 1/1
    19 | D:1      | Reached skill level 6 in Stealth
    36 | D:1      | Reached XP level 2. HP: 15/26 MP: 2/2
   391 | D:1      | Reached XP level 3. HP: 28/32 MP: 3/3
   426 | D:1      | Reached skill level 7 in Stealth
   783 | D:2      | Reached skill level 2 in Throwing
  1217 | D:2      | Reached XP level 4. HP: 39/39 MP: 4/4
  1331 | D:2      | Found a bloodstained altar of Trog.
  1794 | D:3      | Reached skill level 3 in Short Blades
  1834 | D:3      | Reached skill level 8 in Stealth
  1834 | D:3      | Reached XP level 5. HP: 40/45 MP: 5/5
  2693 | D:4      | Reached skill level 9 in Stealth
  2693 | D:4      | Reached XP level 6. HP: 52/52 MP: 6/6
  2765 | D:4      | Reached skill level 3 in Throwing
  3724 | D:4      | Reached skill level 10 in Stealth
  3724 | D:4      | Reached XP level 7. HP: 10/60 MP: 7/7
  4175 | D:5      | Entered Level 5 of the Dungeon
  4226 | D:5      | Found a staircase to the Ecumenical Temple.
  4233 | Temple   | Entered the Ecumenical Temple
  4296 | Temple   | Became a worshipper of Hepliaklqana the Forgotten
  4321 | D:5      | Found Untaune's Jewellery Boutique.
  4493 | D:5      | Reached skill level 4 in Short Blades
  5504 | D:5      | Found a shimmering altar of Xom.
  5540 | D:5      | Reached skill level 11 in Stealth
  5814 | D:6      | Noticed a kobold demonologist
  5828 | D:6      | Found a sacrificial altar of Ru.
  5828 | D:6      | Found an ornate altar of the Wu Jian Council.
  5877 | D:6      | Reached skill level 3 in Fighting
  5877 | D:6      | Reached skill level 1 in Invocations
  5877 | D:6      | Reached XP level 8. HP: 62/62 MP: 8/8
  5878 | D:6      | Reached * piety under Hepliaklqana
  5933 | D:5      | Reached skill level 4 in Throwing
  6109 | D:6      | Noticed Prince Ribbit
  6113 | D:6      | Noticed Blork the orc
  6369 | D:5      | Killed Blork the orc
  6369 | D:5      | Reached skill level 2 in Invocations
  6936 | D:5      | Slain by a wight

Vault maps used:
D:1:      saegor_arrival_simple_b
D:2:      lemuel_round_altar
D:4:      minmay_door_path, first_bread, minivault_26
D:5:      temple_green, serial_shops, nicolae_shop_crystal, basic_altar
D:6:      gammafunk_temple_overflow_arena, serial_shops, shop,
          uniq_blork_the_orc, uniq_prince_ribbit1
Temple:   regret_index_temple_mists

Skill      XL: |  1  2  3  4  5  6  7  8 |
---------------+-------------------------+-----
Stealth        | 6 7 8 9 10 11 | 11.9
Throwing       | 2 3 4 |  4.4
Short Blades   | 3 4 |  4.8
Fighting       | 3 |  3.7
Invocations    | 1 2 |  2.5
Dodging        | |  0.7

Action                   |  1- 3 |  4- 6 |  7- 9 || total
-------------------------+-------+-------+-------++-------
Melee: Dagger            |    64 |   275 |   191 ||   530
 Fire: Blowgun           |     7 |    21 |    10 ||    38
Throw: Tomahawk          |       |       |     3 ||     3
 Abil: Spit Poison       |     2 |     4 |     1 ||     7
  Use: Scroll            |       |       |     7 ||     7
 Stab: Sleeping          |     9 |    19 |     6 ||    34
       Distracted        |       |       |     1 ||     1
  Eat: Chunk             |       |     7 |     8 ||    15
Armor: Robe              |    22 |    77 |    53 ||   152
Dodge: Dodged            |    15 |   129 |    79 ||   223
